AoeStats
← 勇闯天涯

Arena

509646247Analyzed
1v1 RM · 4d ago on Sep 27, 2026· 49m 9s· 2 players
Game mode
Random Map
Map size
Tiny (2 player)
Population
200
Speed
Normal
Resources
Standard
Victory
Conquest
Starting age
Dark Age
Ending age
Imperial Age
RankedLock teamsTeams togetherTeam positionsShared explorationLock speedFull tech treeHidden civsTurbo modeCheats
Victory
Defeat
🇩🇪 Lithuanians · Germany
986
+16
🇨🇳 Italians · China
989
-16
RibRob
10:35 Feudal Age
11:54 Double-Bit Axe
14:17 Castle Age
13:30 Horse Collar
15:37 Bow Saw
16:49 Heavy Plow
23:06 Wheelbarrow
23:14 Gold Mining
24:17 Hand Cart
23:49 Loom
25:16 Bloodlines
26:00 Husbandry
26:07 Scale Barding Armor
26:13 Forging
25:56 Fletching
27:12 Sanctity
27:03 Fervor
29:48 Imperial Age
27:54 Stone Mining
28:29 Chain Barding Armor
28:05 Bodkin Arrow
29:14 Elite Skirmisher
30:00 Thumb Ring
30:43 Ballistics
30:54 Cavalier
32:05 Bracer
32:41 Padded Archer Armor
32:59 Tower Shields
33:21 Conscription
33:22 Masonry
35:15 Plate Barding Armor
35:33 Hoardings
35:41 Iron Casting
35:05 Herbal Medicine
36:50 Chemistry
38:09 Architecture
37:22 Treadmill Crane
43:02 Leather Archer Armor
46:27 Ring Archer Armor
45:46 Light Cavalry
48:00 Paladin
勇闯天涯
11:08 Feudal Age
11:52 Double-Bit Axe
16:30 Castle Age
14:32 Gold Mining
14:27 Horse Collar
15:06 Stone Mining
20:12 Loom
23:59 Bow Saw
24:45 Wheelbarrow
29:47 Imperial Age
29:53 Imperial Age
27:39 Fletching
27:49 Padded Archer Armor
28:15 Ballistics
27:38 Treadmill Crane
28:49 Hand Cart
28:44 Heavy Plow
29:19 Town Watch
29:53 Masonry
30:26 Stone Shaft Mining
31:11 Conscription
31:56 Chemistry
31:19 Bodkin Arrow
31:40 Leather Archer Armor
32:48 Two-Man Saw
32:21 Crop Rotation
32:07 Bracer
32:41 Architecture
33:09 Town Patrol
34:09 Murder Holes
35:27 Thumb Ring
36:55 Scale Barding Armor
37:01 Forging
39:12 Husbandry
39:23 Bloodlines
42:12 Chain Barding Armor
42:28 Iron Casting
42:11 Light Cavalry
46:09 Guilds
Connection lost

Rejoining the realm…

Still unreachable

The connection could not be restored.

Session expired

The server has moved on; the page needs a fresh start.